Cogmind - Beta 16 @@@ ROGUE MODE // 2025.10.29 @ 13:42:57 Player: Blaj Result: Destroyed self with Grenade Launcher Performance ------------- Evolutions (0) 0 Regions Visited (2) 400 Robots Destroyed (25) 125 Value Destroyed (370) 370 Prototype IDs (1) 20 Alien Tech Used (0) 0 Bonus (-63) -63 TOTAL SCORE: 852 Bonus ------- Friendly Fire -63 Cogmind --------- Core Integrity 0/250 Matter 32/300 Energy 60/100 System Corruption 7% Temperature Cool (0) Movement Core (1450) Ox28 Location -10/Mines Parts ------- > --- POWER (1) -------- (None) > --- PROPULSION (2) --- (None) > --- UTILITY (2) ------ Improved Heat Sink Huge Storage Unit > --- WEAPON (2) ------- Heavy Assault Rifle Grenade Launcher > --- INVENTORY (25) --- Heavy Ion Engine Light Treads Light Treads Wheel Wheel Wheel Wheel Wheel Wheel Compact Wheel Large Storage Unit Medium Matter Pod (91) High-capacity Matter Pod (200) Sensor Array Tractor Beam Salvaging Laser Heavy Assault Rifle Shotgun Shotgun Grenade Launcher Grenade Launcher Datajack Peak State ------------ > --- POWER ------------ Heavy Ion Engine > --- PROPULSION ------- Wheel Compact Wheel > --- UTILITY ---------- Improved Heat Sink Huge Storage Unit > --- WEAPON ----------- Heavy Assault Rifle Heavy Assault Rifle > --- INVENTORY -------- Heavy Ion Engine Light Treads Light Treads Wheel Wheel Wheel Wheel Wheel Wheel Compact Wheel Large Storage Unit Medium Matter Pod High-capacity Matter Pod Sensor Array Tractor Beam Salvaging Laser Heavy Assault Rifle Heavy Assault Rifle Shotgun Shotgun Grenade Launcher Grenade Launcher Grenade Launcher Datajack [Rating: 16] Favorites ----------- Power Heavy Ion Engine Engine Heavy Ion Engine Propulsion Compact Wheel Leg Aluminum Leg Wheel Compact Wheel Utility Seismic Detector Device Seismic Detector Storage Huge Storage Unit Weapon Shotgun Energy Gun Salvaging Laser Ballistic Gun Shotgun Launcher Grenade Launcher Impact Weapon Hammer Build | -11 -10 -10 ------- Run | Yrd Mat Min Slots Evolved . | . . . Power . | . . . Propulsion . | . . . Utility . | . . . Weapon . | . . . Parts Attached 24 | 3 18 3 Power 2 | . 2 . Engine 2 | . 2 . Core . | . . . Reactor . | . . . Propulsion 5 | 2 3 . Treads . | . . . Leg . | . . . Wheel 5 | 2 3 . Hover . | . . . Flight . | . . . Utility 5 | 1 3 1 Device 3 | 1 1 1 Storage 2 | . 2 . Processor . | . . . Hackware . | . . . Protection . | . . . Artifact . | . . . Weapon 12 | . 10 2 Energy Gun 2 | . 2 . Energy Cannon . | . . . Ballistic Gun 7 | . 5 2 Ballistic Cannon . | . . . Launcher 2 | . 2 . Special Weapon . | . . . Impact Weapon 1 | . 1 . Slashing Weapon . | . . . Piercing Weapon . | . . . Special Melee Weapon . | . . . Unidentified Prototypes 1 | . 1 . Parts Lost 6 | . . 6 Power 1 | . . 1 Propulsion 2 | . . 2 Utility 1 | . . 1 Weapon 2 | . . 2 Highest Loss Streak 5 | . . 5 To Critical Strikes . | . . . Average Backups 14 | 6 12 24 Power 1 | 1 1 1 Propulsion 6 | 4 6 9 Utility 2 | . 2 5 Weapon 4 | 1 3 7 Tool/Special . | . . . Unused Backups 24 | . 11 13 Power 1 | . . 1 Propulsion 8 | . 2 6 Utility 8 | . 4 4 Weapon 6 | . 5 1 Tool/Special 1 | . . 1 Average Slot Usage (%) 98 | . 99 96 Engine 13 | . 13 12 Wheel 27 | . 28 25 Device 13 | . 13 14 Storage 14 | . 14 14 Energy Gun 8 | . 10 . Ballistic Gun 17 | . 16 26 Peak Build Rating 16 | 7 14 16 Average Rating 11 | 6 10 14 On Entrance 9 | 6 7 14 Avg Prop Armor Cover (%) . | . . . Naked Turns . | . . . Heaviest Build 95 | 13 95 95 Greatest Support 32 | 32 32 26 Greatest Overweight (x) 3 | . 3 3 Average Overweight (x) 1 | . 1 3 Largest Inventory Capacity 25 | 8 25 25 Average Capacity 20 | 8 19 25 Most Carried 25 | 7 25 25 Average Carried 14 | 6 12 24 Final Capacity 25 | 8 25 25 Final Carried 24 | 7 24 22 Class Distribution -------------------- 100% | Mutant Dominant Class ---------------- Mutant | -10/Materials Mutant | -10/Mines Resources | -11 -10 -10 ----------- Run | Yrd Mat Min Matter Collected 1327 | 236 996 95 Remotely . | . . . Salvage Created 860 | 119 480 261 Parts 59 | 5 44 10 Haulers Intercepted 2 | . 2 . Recyclers Shooed 4 | . 4 . Parts Field Recycled . | . . . Retrieved Matter . | . . . Parts Self-Destructed . | . . . Prevented . | . . . Parts Restored . | . . . Kills | -11 -10 -10 ------- Run | Yrd Mat Min Combat Hostiles Destroyed 18 | . 5 13 Guns 11 | . 2 9 AOE 7 | . 3 4 Classes Destroyed 11 | 2 7 2 Worker 3 | . 3 . Builder 2 | . 2 . Tunneler 2 | 1 1 . Hauler 2 | . 2 . Recycler 4 | 1 3 . Operator 3 | . 3 . Swarmer 3 | . 3 . Grunt 3 | . 1 2 Sentry 2 | . . 2 Federalist 1 | . 1 . Assembled 9 | . . 9 Best Kill Streak 9 | 2 3 9 Combat Bots Only 9 | . 3 9 Max Kills in Single Turn 2 | 1 2 1 Gunslinging . | . . . Exploded 2 | . 2 1 Melee . | . . . Uniques/NPCs Destroyed . | . . . Combat | -11 -10 -10 -------- Run | Yrd Mat Min Hostile Shots Fired 77 | . 12 65 Missed 18 | . 2 16 Hits 59 | . 10 49 Melee 2 | . . 2 Projectile 57 | . 10 47 Critical Strikes 4 | . . 4 Part Disruptions 2 | . . 2 Damage Taken 896 | . 139 757 Core 252 | . 51 201 Absorbed by Shields . | . . . Regen/Repaired (Parts) 31 | . 31 . Core Remaining (%) 100 | 100 . . Volleys Fired 119 | 6 78 35 Largest 2 | 2 2 2 Hottest 90 | 60 90 46 Shots Fired 193 | 12 118 63 Gun 181 | 12 113 56 Cannon . | . . . Launcher 12 | . 5 7 Special . | . . . Kinetic 127 | 6 65 56 Thermal 54 | 6 48 . Explosive 12 | . 5 7 Electromagnetic . | . . . Robot Hit Streak 9 | 6 8 9 Robot Miss Streak 3 | 1 3 3 Penetration Max . | . . . Secondary Targets . | . . . Shots Hit Robots 117 | 9 72 36 Core Hits 65 | 4 35 26 Critical Kills 1 | . . 1 Critical Parts Destroyed . | . . . Critical Strikes 1 | . . 1 Destroy 1 | . . 1 Melee Attacks . | . . . Impact . | . . . Slashing . | . . . Piercing . | . . . Sneak Attacks . | . . . Combat Hostiles . | . . . Follow-up Attacks . | . . . Damage Inflicted 1882 | 83 955 844 Guns 1454 | 83 897 474 Cannons . | . . . Explosions 428 | . 58 370 Melee . | . . . Ramming . | . . . Kinetic 1075 | 38 563 474 Thermal 379 | 45 334 . Explosive 428 | . 58 370 Electromagnetic . | . . . Impact . | . . . Slashing . | . . . Piercing . | . . . Highest Corruption 7 | . 7 7 Average Corruption 6 | . 6 7 Corruption Purged . | . . . Corruption Blocked . | . . . Effects 61 | . 50 11 Message Errors 11 | . 9 2 Matter Fused 15 | . 10 5 Heat Flow Errors 8 | . 6 2 Energy Discharges 10 | . 10 . Data Loss (minor) 8 | . 7 1 Data Loss (major) 2 | . 2 . Misfires 3 | . 3 . Alerts 2 | . 1 1 Weapon Failures 2 | . 2 . Overload Shots . | . . . Overflow Damage 14 | . . 14 Projectiles . | . . . Explosions 14 | . . 14 Melee . | . . . Knockbacks . | . . . Impact . | . . . Kinetic . | . . . Secondary . | . . . Self-Inflicted Damage 56 | . 29 27 Shots 3 | . 1 2 Rammed . | . . . Targets Rammed . | . . . Kicked . | . . . Crushed . | . . . Highest Temperature 270 | 20 220 270 Average Temperature 60 | 15 55 85 Received Heat Transfer 393 | . 66 327 Siege Activations . | . . . Martial Activations . | . . . Shielding Activations . | . . . Robots Disrupted . | . . . Combat Hostiles . | . . . Robots Corrupted . | . . . Combat Hostiles . | . . . Parts Fried . | . . . Impact Corruptions . | . . . Robots Melted . | . . . Combat Hostiles . | . . . Parts Melted . | . . . Heat Transferred 998 | 100 898 . Parts Sabotaged . | . . . Parts Stolen . | . . . Parts Stripped . | . . . Power Chain Reactions . | . . . Alert | -11 -10 -10 ------- Run | Yrd Mat Min Maximum Alert Level . | . . . Low Security (%) 100 | 100 100 100 Level 1 . | . . . Level 2 . | . . . Level 3 . | . . . Level 4 . | . . . Level 5 . | . . . High Security . | . . . Max Security . | . . . Peak Influence 86 | 5 86 57 Initial 7 | . . 7 Average 14 | 1 15 9 Influence Increases 342 | 10 220 112 Destroy 0b10 Robot/C 160 | . 80 80 Destroy 0b10 Robot/NC 80 | 10 70 . Destroy Leader 24 | . 14 10 Successful Hack 21 | . 21 . Destroy Structure 57 | . 35 22 Influence Decreases 317 | 10 201 106 Entered New Map 12 | . . 12 Time Decay 275 | 10 201 64 Lost Part 30 | . . 30 Squads Dispatched 2 | . 2 . Investigation . | . . . Extermination . | . . . Reinforcement 2 | . 2 . Assault . | . . . Garrison . | . . . Intercept . | . . . Searches Triggered . | . . . Construction Impeded . | . . . Haulers Reinforced . | . . . Active Scanning Responses . | . . . Cargo Convoy Interrupts . | . . . Stealth | -11 -10 -10 --------- Run | Yrd Mat Min Distress Signals 1 | . 1 . Communications Jammed . | . . . Distress Signals . | . . . Times Spotted 34 | . 16 18 Peak Tracking Total 4 | . 3 4 Tactical Retreats 1 | . . 1 Traps | -11 -10 -10 ------- Run | Yrd Mat Min Traps Triggered 2 | . 2 . Indirectly . | . . . Trap Hack Attempts . | . . . Triggered . | . . . Disarmed . | . . . Reprogrammed . | . . . Reused . | . . . Traps Extracted . | . . . Installed . | . . . Triggered . | . . . Machines | -11 -10 -10 ---------- Run | Yrd Mat Min Machines Disabled . | . . . Max in Single Turn . | . . . Machines Repaired . | . . . Machines Dismantled . | . . . Machines Sabotaged . | . . . Overloaded Fab Kills . | . . . Hacking | -11 -10 -10 --------- Run | Yrd Mat Min Machines Accessed 8 | . 7 1 Terminals 6 | . 5 1 Fabricators . | . . . Repair Stations 1 | . 1 . Recycling Units 1 | . 1 . Scanalyzers . | . . . Garrison Access . | . . . Total Hacks 25 | . 22 3 Successful 9 | . 8 1 Failed 16 | . 14 2 Catastrophic 3 | . 3 . Database Lockouts . | . . . Manual 13 | . 10 3 Terminals 21 | . 18 3 Fabricators . | . . . Repair Stations 2 | . 2 . Recycling Units 2 | . 2 . Scanalyzers . | . . . Garrison Access . | . . . Terminal Hacks 5 | . 4 1 Part Schematic 1 | . . 1 Robot Analysis 1 | . 1 . Locate Traps 1 | . 1 . Dispatch Records 1 | . 1 . Zone Layout 1 | . 1 . Fabricator Hacks . | . . . Repair Station Hacks 2 | . 2 . Scan Component 1 | . 1 . Repair 1 | . 1 . Recycling Unit Hacks . | . . . Scanalyzer . | . . . Garrison Access Hacks . | . . . Unauthorized Hacks 2 | . 2 . Terminals 2 | . 2 . Botnet 1 | . 1 . Operators 1 | . 1 . Fabricators . | . . . Repair Stations . | . . . Recycling Units . | . . . Scanalyzers . | . . . Garrison Access . | . . . Data Cores Recovered . | . . . Used . | . . . Hacking Detections 8 | . 7 1 Full Trace Events 1 | . 1 . Feedback Events . | . . . Feedback Blocked . | . . . Robot Schematics Acquired . | . . . Robots Built . | . . . Authchips . | . . . Time . | . . . Total Robot Build Rating . | . . . Part Schematics Acquired 1 | . . 1 Parts Built . | . . . Authchips . | . . . Time . | . . . Total Part Build Rating . | . . . Part Studies Acquired . | . . . Parts Repaired 1 | . 1 . Time 26 | . 26 . Parts Recycled . | . . . Recycled Matter . | . . . Retrieved Matter . | . . . Retrieved Components . | . . . Parts Scanalyzed . | . . . Part Schematics Acquired . | . . . Parts Damaged . | . . . Bothacking | -11 -10 -10 ------------ Run | Yrd Mat Min Used RIF Installer . | . . . Robots Hacked . | . . . Non-combat . | . . . Combat . | . . . Robot Hacks Applied . | . . . Relay Couplers Released . | . . . Fabnet Peak Effective % . | . . . Robots Rewired . | . . . Allies Hacked . | . . . Hacks Repelled . | . . . Allies | -11 -10 -10 -------- Run | Yrd Mat Min Total Allies . | . . . Largest Group . | . . . Highest-Rated Group . | . . . Highest-Rated Ally . | . . . Total Orders . | . . . Ally Attacks . | . . . Total Damage . | . . . Kills . | . . . Allies Corrupted . | . . . Allies Melted . | . . . Intel | -11 -10 -10 ------- Run | Yrd Mat Min Active Infowar (turns) 2088 | 13 1814 261 Sensors 4 | . 4 . Seismic 2084 | 13 1810 261 Robot Analysis Total 1 | . 1 . Derelict Logs Recovered . | . . . Drone Launches . | . . . Drone Recoveries . | . . . Exploration | -11 -10 -10 ------------- Run | Yrd Mat Min Turns Passed 2280 | 48 1845 387 Spaces Moved 1464 | 26 1239 199 Core . | . . . Treads . | . . . Legs 1 | 1 . . Wheels 1463 | 25 1239 199 Hover . | . . . Flight . | . . . Fastest Speed 100 | 100 100 135 Average Speed 121 | 100 119 135 Slowest Speed 135 | 120 135 135 Overloaded Moves . | . . . Propulsion Burnouts . | . . . Robots Hopped . | . . . Potential Cave-ins . | . . . Cave-ins Triggered . | . . . Exploration Rate (%) 50 | 3 93 56 Regions Visited 2 Branch Regions 1 Pre-discovered Areas . | . . . Known Exits Taken . | . . . Unknown Exits Taken 2 | 1 1 . Scrap Searched . | . . . Spaces Dug 32 | . 25 7 Terrain Destroyed 84 | . 50 34 Melee . | . . . Projectile . | . . . AOE 84 | . 50 34 Terrain Rammed . | . . . Walls Destroyed . | . . . Machines Disabled . | . . . Actions | -11 -10 -10 --------- Run | Yrd Mat Min Total 1797 | 35 1508 254 Wait 127 | . 114 13 Move 1462 | 25 1238 199 Hop . | . . . Pick Up 29 | 1 27 1 Fast Attach 8 | 1 7 . Attach 6 | . 3 3 Detach 6 | . 6 . Swap 22 | 2 17 3 Drop 18 | . 18 . Fire 119 | 6 78 35 Melee . | . . . Ram . | . . . Kick . | . . . Crush . | . . . Escape Stasis . | . . . Rewire . | . . . Trap . | . . . Miscellaneous . | . . . Route ------- -11/Scrapyard -10/Materials (discovered 6 exits: [*Mat x3] / *Min x2 / [*Sub]) -10/Mines (discovered 1 exit: [*Mat]) History --------- Turn | Location | Event 1 | -11/Scrapyard | Discovered new exit (range 3) 49 | -11/Scrapyard | Entered Materials 50 | -10/Materials | Met a group of wandering Federalists 174 | -10/Materials | Discovered new exit (range 3) 282 | -10/Materials | Discovered new exit (range 15) 315 | -10/Materials | Build established: Mutant 359 | -10/Materials | Discovered new exit (range 5) 377 | -10/Materials | Angered wandering Federalists 702 | -10/Materials | Discovered new exit (range 15) 1170 | -10/Materials | Discovered new exit (range 7) 1230 | -10/Materials | Discovered new exit (range 16) 1325 | -10/Materials | Repaired Salvaging Laser 1894 | -10/Materials | Entered Mines 2134 | -10/Mines | Assembled infested the area 2139 | -10/Mines | Assisted by a Guerilla fighting off Assembled 2192 | -10/Mines | Discovered new exit (range 16) 2221 | -10/Mines | Core integrity fell below 50% 2260 | -10/Mines | Core integrity fell below 20% 2281 | -10/Mines | Destroyed self with Grenade Launcher Last Messages --------------- 02228_ as-39618 destroyed. 02231_ Acquired 14 matter. 02238_ Y-45 Defender destroyed. 02242_ Critical hit (Burn: +37). 02248_ Wheel destroyed. 02248_ Critical hit (Burn: +37). 02252_ as-87081 destroyed. 02252_ Hvy. Assault Rifle destroyed. 02254_ Com. Wheel destroyed. 02256_ as-07916 destroyed. 02256_ Hvy. Ion Engine destroyed. 02260_ as-96961 destroyed. 02260_ Destroyed Asb. Hover Unit. 02262_ as-03559 destroyed. 02268_ The unstable cave ceiling collapses. 02268_ Hvy. Assault Rifle destroyed. 02273_ The unstable cave ceiling collapses. 02274_ Critical hit (Burn: +37). 02276_ Y-45 Defender destroyed. 02280_ U-05 Engineer lays Concrete. Map ----- +----------------------------------------------------+ | | | | | | | | | | | | | | | ???????????????????????????????????????????????? | | ???????????????????????????????????????????????? | | ???????????????????????????????????????????????? | | ???????????????????????????????????????????????? | | ?????????????????????????###???????????????????? | | ????????????????????????# ##?????????????????? | | ???????????????????##### < #?????????????????? | | ?????????????##?#### #?????????????????? | | ?????????????" ## #?????????????????? | | ?????????????"$ # ?????????????????? | | ?????????????? =%! ??????????????????? | | ???????????????%;= #??????????????????? | | ????????????????#%! #??????????????????? | | ?????????????????* ##?????????????????? | | ?????????????????## ##????????????????? | | ?????????????????# #????????????????? | | ?????????????????# #????????????????? | | ??????????????????# ??????????????????? | | ???????????????????# @ #?????????????????????? | | ???????????????????#### ??????????????????? | | ??????????????####???? ##?????????????????? | | ??????????????# ##??? #??????????????????? | | ??????????????# ##? # ######### #???????? | | ??????????????# ## ### % #???????? | | ?????????????## # a##%########???????? | | ?????????????# aa #??????????????? | | ?????????????# a #??????????????? | | ?????????????## % ####??????????????? | | ??????????????### #?????????????????? | | ????????????????# ; #?????????????????? | | ????????????????# "" ###?????????????????? | | ??######????????# ## u####???????????????? | | ??# ########## ## ##??????????????? | | ??# # #???????????? | | ??# # #??????????? | | ??# ## ######### ??????????? | | ??# ## #???????# ??????????? | | ??# ## #???????# ??????????? | | ??# ## #???????# ## ??????????? | | ??# ## #???##??## #?# #### ??????????? | | ??# ## ??? ???## #???###?????????????????? | | ?#T ####???# ????# #???????????????????????? | | ?#######??????# ????# #???????????????????????? | +----------------------------------------------------+ Best States ------------- Heat Dissipation 39 Energy Generation 14 Energy Capacity 480 Matter Stores 300 Matter Capacity 300 Sight Range 16 Terrain Scan Density 10 Evasion (%) 40 Item Schematics ----------------- Hcp. Storage Unit | -10/Mines | Hacked Robot Schematics ------------------ None Fabricated ------------ Nothing Repaired ---------- Salvaging Laser | 38% | -10/Materials Studied --------- None Alien Tech Used ----------------- None Achievements -------------- None Challenges ------------ None Game ------ Seed DeliveryAngularDissipator Manual? 0 Play Time 00:31:37 Cumulative 243.3 hours Start 2025.10.27 @ 20:57:23 End 2025.10.29 @ 13:42:57 Sessions 5 Manual Loads 0 Difficulty Rogue Special Mode None Game No. 62 Rogue 62 Adventurer 0 Explorer 0 Win Type - Total 10 Types 5/0/2/0/1/1/0/1/0/0 Lore% 60 Gallery% 72 Achievement% 44 Wizard Run 0 Options --------- Layout 2 ASCII 0 Keyboard 1 Movement Vi Keybinds 0 Fullscreen 1 Font 24/Smallcaps Map View 50x44 Zoom Use 0% Tactical HUD 1 Map Filters NONE Filters NONE Steam 1 RUN: 609d143a-ac0a-4744-a315-1685d3de65d9